 Dungeon Crawl Stone Soup version 0.28.0 (webtiles) character file.

Game seed: 14260045607453710263

24577 Colgate the Jinx (level 12, -6/77 HPs)
             Began as a Demonspawn Conjurer on Feb 16, 2022.
             Was a Priest of Vehumet.
             Killed by an exploding fulminant prism (29 damage)
             ... on level 1 of the Lair of Beasts.
             The game lasted 02:02:49 (18986 turns).

Colgate the Jinx (Demonspawn Conjurer)             Turns: 18986, Time: 02:02:50

Health: -6/77      AC: 11    Str:  8    XL:     12   Next: 81%
Magic:  35/42      EV: 11    Int: 31    God:    Vehumet [***...]
Gold:   726        SH:  0    Dex: 11    Spells: 0/27 levels left

rFire   . . .      SeeInvis .   y - +5 dagger "Nifeevam" {vamp, +Blink MP+9 Stlth+}
rCold   . . .      Faith    .   (no shield)
rNeg    . . .      Spirit   .   T - +3 leather armour {rPois}
rPois   +          Reflect  .   (helmet restricted)
rElec   .          Harm     .   t - +0 cloak
rCorr   .          Rampage  .   g - +0 pair of gloves
Will    .....                   C - +2 pair of boots
Stlth   +++.......              G - amulet of magic regeneration
HPRegen 0.22/turn               e - +6 ring of intelligence
MPRegen 0.68/turn               u - ring of magical power

@: no status effects
A: horns 2, foul stench 3, demonic magic 2
a: Renounce Religion, Evoke Blink


You were on level 1 of the Lair of Beasts.
You worshipped Vehumet.
Vehumet was most pleased with you.
You visited 3 branches of the dungeon, and saw 16 of its levels.

You collected 726 gold pieces.

Inventory:

Hand Weapons
 y - the +5 dagger "Nifeevam" (weapon) {vamp, +Blink MP+9 Stlth+}
   (You found it on level 5 of the Dungeon)

   It occasionally heals its wielder for a portion of the damage dealt when it
   wounds a living foe.
   MP:        It affects your magic capacity (+9).
   +Blink:    It lets you blink.
   Stlth:     It makes you more stealthy.
Missiles
 j - 538 stones
 I - 33 poisoned darts
 S - 2 boomerangs
Armour
 g - a +0 pair of gloves (worn)
 h - a +2 troll leather armour {Snorg}
 p - a +0 kite shield
 t - a +0 cloak (worn)
 x - a +0 buckler
 z - +0 steam dragon scales
 C - a +2 pair of boots (worn)
 T - a +3 leather armour of poison resistance (worn)
Jewellery
 b - a ring of ice
 e - a +6 ring of intelligence (left hand)
 u - a ring of magical power (right hand)
 A - a ring of see invisible
 D - a +4 ring of evasion
 E - a ring of positive energy
 G - an amulet of magic regeneration (around neck)
 J - an amulet of faith
 P - a ring of protection from cold
 R - a ring of willpower
Wands
 a - a wand of paralysis (15)
 d - a wand of flame (10)
 v - a wand of acid (22)
 K - a wand of polymorph (5)
Scrolls
 f - 3 scrolls of teleportation
 k - a scroll of noise
 m - a scroll of immolation
 n - a scroll of summoning {unknown}
 o - 2 scrolls of vulnerability
 w - a scroll of enchant weapon {unknown}
 B - 3 scrolls of amnesia
 O - a scroll of magic mapping
 Q - a scroll of acquirement {unknown}
 U - a scroll of brand weapon {unknown}
Potions
 c - 2 potions of mutation
 i - 3 potions of ambrosia
 l - 4 potions of curing
 q - 3 potions of flight
 r - 2 potions of brilliance
 s - 3 potions of heal wounds
 F - a potion of might
 H - a potion of magic {unknown}
 L - 2 potions of resistance
 N - a potion of cancellation
Miscellaneous
 M - a phantom mirror


   Skills:
 - Level 1.3 Fighting
 - Level 1.7 Dodging
 - Level 2.8 Stealth
 + Level 8.0 Spellcasting
 - Level 14.1 Conjurations
 - Level 14.1 Hexes
 - Level 2.1 Translocations
 - Level 2.4 Transmutations


You couldn't memorise any spells.
You knew the following spells:

 Your Spells              Type           Power      Damage    Failure   Level
a - Magic Dart            Conj           100%       1d8       0%          1
b - Yara's Violent Unrav  Hex/Tmut       29%        3d12      1%          5
c - Fulminant Prism       Conj/Hex       39%        3d18      1%          4
d - Iskenderun's Mystic   Conj/Tloc      58%        2d12      1%          4
e - Tukima's Dance        Hex            79%        N/A       1%          3
f - Enfeeble              Hex            39%        N/A       16%         7
g - Stone Arrow           Conj/Erth      100%       3d13      1%          3

Your spell library contained the following spells:

 Spells                   Type           Power      Damage    Failure   Level
 Searing Ray              Conj           100%       2d8       1%          2
 Confusing Touch          Hex            79%        N/A       1%          3
 Dazzling Flash           Conj/Hex       100%       N/A       1%          3
 Beastly Appendage        Tmut           54%        N/A       2%          1
 Wereblood                Tmut           27%        N/A       3%          2
 Anguish                  Hex/Necr       27%        N/A       3%          4
 Animate Skeleton         Necr           24%        N/A       6%          1
 Pain                     Necr           48%        1d6       6%          1
 Gell's Gravitas          Tloc           25%        N/A       8%          3
 Lesser Beckoning         Tloc           25%        N/A       8%          3
 Teleport Other           Tloc           25%        N/A       8%          3
 Sublimation of Blood     Necr           12%        N/A       9%          2
 Spider Form              Tmut/Pois      19%        N/A       11%         3
 Vampiric Draining        Necr           12%        2d6       17%         3
 Passage of Golubria      Tloc           25%        N/A       24%         4
 Agony                    Necr           12%        N/A       85%         5
 Excruciating Wounds      Necr           6%         N/A       85%         5
 Summon Hydra             Summ           6%         N/A       100%        7


Dungeon Overview and Level Annotations

Branches:
Dungeon (12/15)            Temple (1/1) D:7            Lair (3/6) D:11
    Orc (0/2) D:12
  Swamp: Lair:2-4    Shoals: Lair:2-4     Snake: Lair:2-4    Spider: Lair:2-4

Altars:
Ashenzari
Cheibriados
Dithmenos
Elyvilon
Fedhas
Gozag
Hepliaklqana
Kikubaaqudgha
Makhleb
Nemelex Xobeh
Okawaru
Qazlal
Ru
Sif Muna
Trog
Uskayaw
Vehumet
Wu Jian
Xom
Yredelemnul
Zin
The Shining One


Innate Abilities, Weirdness & Mutations

You have a pair of horns on your head.
You frequently emit foul miasma when damaged in melee.
Spells you cast may paralyse nearby enemies.


Message History

Confirm with . or Enter, or press ? or * to list all spells.
Aiming: Enfeeble (quite dangerous; 16% risk of failure)
Press: ? - help, Shift-Dir - straight line, f - bog body
Aim: a bog body (will inflict weakness and antimagic, chance to daze and blind: 97%)
The bog body is enfeebled!
Malevolent energies surge around you.
The bog body is lost in a daze.
Casting: Enfeeble (quite dangerous; 16% risk of failure)
Confirm with . or Enter, or press ? or * to list all spells.
Aiming: Fulminant Prism (safe; 1% risk of failure)
Press: ? - help, Dir - move target, f/p - bog body
Aim: a bog body (blind, dazed, weak, magic disrupted)
Okay, then.
Unknown command.
Casting: Fulminant Prism (safe; 1% risk of failure)
Confirm with . or Enter, or press ? or * to list all spells.
You erupt in a blast of force!
Malevolent energies surge around you.
Casting: Iskenderun's Mystic Blast (mildly dangerous; 1% risk of failure)
Confirm with . or Enter, or press ? or * to list all spells.
Aiming: Fulminant Prism (safe; 1% risk of failure)
Press: ? - help, Dir - move target, p - bog body You conjure a prism of explosive energy!
Malevolent energies surge around you.
The bog body suddenly stops moving!
A fulminant prism comes into view.
Your fulminant prism crackles loudly.
You feel stable enough to blink again.
The bog body is no longer paralysed.
The bog body's magic is no longer disrupted.
The bog body is no longer dazed.
The bog body is no longer blind.
The bog body is no longer weakened.
The bog body gestures at you while chanting.
The bolt of cold hits your fulminant prism.
Your fulminant prism resists.
The bolt of cold hits you!!
* * * LOW HITPOINT WARNING * * *
Your fulminant prism explodes!
The blast of energy engulfs the bog body!!!
You destroy the bog body!
Vehumet accepts your kill.
You feel your power returning. The blast of energy engulfs you!!
You die...

##÷###........>...#.
##.+##.....#.......#.
#>......#...#.8.8.##.
#........#...........
##..††...[#...........
#.........#..#....)#..
##........##...#..#..#
#.........+#........#.
##...@....####...YY##.
#.........# ###.#S#..
#.##..##### #.....#
####...# ##....#
##..### ###### #..÷.#
##########'###
#............####
#............##.###
###


There were no monsters in sight!

Vanquished Creatures
  Snorg (D:11)
  3 hydras
  4 boulder beetles
  A death knight (D:12)
  A bog body (Lair:1)
  A deep elf pyromancer (D:12)
  An ugly thing (D:12)
  2 cyclopes
  4 manticores (D:12)
  Maurice (D:11)
  3 black mambas
  6 cane toads
  4 komodo dragons
  A troll (D:9)
  A hornet (D:11)
  4 blink frogs (Lair:1)
  A dancing weapon (D:9)
  A meliai zombie (D:11)
  3 wyverns
  3 wraiths
  2 vampires
  24 yaks
  4 steam dragons
  4 vampire mosquitoes (D:8)
  3 wargs (D:11)
  An acid dragon (D:10)
  11 water moccasins
  A sky beast (D:6)
  A swamp drake (D:12)
  6 orc warriors
  A black bear (D:4)
  A necrophage (D:3)
  2 centaurs
  2 kobold brigands (D:9)
  6 bullfrogs
  2 scorpions
  2 wyvern skeletons
  11 killer bees
  3 wights (D:7)
  2 electric eels
  A centaur zombie (D:8)
  A jelly (D:5)
  A bullfrog skeleton (D:6)
  2 centaur skeletons
  2 hounds
  3 gnoll shamans
  7 orc priests
  5 iguanas
  7 orc wizards
  A killer bee zombie (D:7)
  A howler monkey skeleton (D:5)
  7 adders
  4 gnolls (D:7)
  A white imp (D:7)
  An ufetubus (D:6)
  An adder skeleton (D:4)
  5 worms
  3 dart slugs
  36 orcs
  7 bats
  4 endoplasms
  2 giant cockroaches
  10 goblins
  4 hobgoblins
  2 jackals (D:4)
  3 quokkas
  8 ball pythons
  20 kobolds
  7 rats
291 creatures vanquished.

Vanquished Creatures (collateral kills)
  An orc (D:9)
1 creature vanquished.

Vanquished Creatures (others)
  347 fulminant prisms
  34 fungi
  15 plants
396 creatures vanquished.

Grand Total: 688 creatures vanquished

Notes
Turn   | Place    | Note
-------+----------+-------------------------------------------
     0 | D:1      | Colgate the Demonspawn Conjurer began the quest for the
                  | Orb.
     0 | D:1      | Reached XP level 1. HP: 13/13 MP: 3/3
   246 | D:1      | Gained mutation: You may rarely emit foul miasma when
                  | damaged in melee. [demonic ancestry]
   246 | D:1      | Reached XP level 2. HP: 19/19 MP: 1/5
   306 | D:1      | Learned a level 2 spell: Searing Ray
   592 | D:1      | Found a faded altar of an unknown god.
   843 | D:1      | Reached skill level 5 in Conjurations
   856 | D:1      | Reached XP level 3. HP: 24/24 MP: 3/6
  2355 | D:2      | Reached XP level 4. HP: 3/30 MP: 0/7
  2997 | D:3      | Noticed a necrophage
  3003 | D:3      | Noticed a scorpion
  3013 | D:3      | Killed a scorpion
  3014 | D:3      | Gained mutation: You sometimes emit foul miasma when
                  | damaged in melee. [demonic ancestry]
  3014 | D:3      | Reached XP level 5. HP: 10/35 MP: 0/8
  3268 | D:2      | Learned a level 4 spell: Fulminant Prism
  3275 | D:3      | Killed a necrophage
  3731 | D:3      | Gained mutation: You frequently emit foul miasma when
                  | damaged in melee. [demonic ancestry]
  3731 | D:3      | Reached XP level 6. HP: 33/41 MP: 0/9
  4579 | D:4      | Found a faded altar of an unknown god.
  4586 | D:4      | Found an ornate altar of the Wu Jian Council.
  4591 | D:4      | Found a faded altar of an unknown god.
  4592 | D:4      | Found a bloodstained altar of Trog.
  5028 | D:4      | Learned a level 4 spell: Iskenderun's Mystic Blast
  5582 | D:5      | Entered Level 5 of the Dungeon
  5587 | D:5      | Reached skill level 1 in Translocations
  5944 | D:5      | Reached XP level 7. HP: 46/46 MP: 9/12
  6274 | D:5      | Identified the +5 dagger "Nifeevam" {vamp, +Blink MP+9
                  | Stlth+}
  6924 | D:6      | Reached skill level 5 in Spellcasting
  7012 | D:6      | Found a basalt altar of Yredelemnul.
  7087 | D:6      | Reached skill level 5 in Hexes
  7179 | D:6      | Found a shimmering blue altar of Sif Muna.
  7217 | D:6      | Found a blossoming altar of Fedhas.
  7218 | D:6      | Found a shimmering blue altar of Sif Muna.
  7241 | D:6      | Noticed a steam dragon
  7249 | D:6      | Gained mutation: You have a pair of small horns on your
                  | head. [demonic ancestry]
  7249 | D:6      | Reached XP level 8. HP: 39/52 MP: 14/15
  7637 | D:7      | Found a staircase to the Ecumenical Temple.
  7780 | Temple   | Entered the Ecumenical Temple
  7866 | Temple   | Became a worshipper of Vehumet
  7953 | D:7      | Found a sacrificial altar of Ru.
  8215 | D:7      | Found a burning altar of Makhleb.
  8215 | D:7      | Noticed a blizzard demon
  8647 | D:7      | Found a sacrificial altar of Ru.
  8686 | D:7      | Found a staircase to the Ecumenical Temple.
  8831 | D:7      | Found a burning altar of Makhleb.
  8936 | D:8      | Gained mutation: You have a pair of horns on your head.
                  | [demonic ancestry]
  8936 | D:8      | Reached XP level 9. HP: 41/57 MP: 14/16
  9532 | D:8      | Noticed a cyclops
  9587 | D:8      | Killed a cyclops
  9588 | D:8      | Reached skill level 10 in Conjurations
  9588 | D:8      | Gained mutation: Spells you cast may paralyse adjacent
                  | enemies. [demonic ancestry]
  9588 | D:8      | Reached XP level 10. HP: 63/63 MP: 17/17
  9949 | D:9      | Learned a level 3 spell: Tukima's Dance
 10550 | D:9      | Reached * piety under Vehumet
 10550 | D:9      | Offered knowledge of Sandblast by Vehumet.
 11394 | D:10     | Entered Level 10 of the Dungeon
 11473 | D:10     | Reached skill level 10 in Hexes
 12472 | D:11     | Noticed Snorg
 12489 | D:11     | Killed Snorg
 12935 | D:11     | Noticed a boulder beetle
 12967 | D:11     | Killed a boulder beetle
 12968 | D:11     | Reached XP level 11. HP: 24/68 MP: 3/18
 13247 | D:11     | Noticed Maurice
 13255 | D:11     | HP: 3/68 [Maurice/bolt of acid (40)]
 13263 | D:11     | Killed Maurice
 13762 | D:11     | Found a staircase to the Lair.
 13775 | D:11     | Noticed a four-headed hydra
 13795 | D:11     | Killed a four-headed hydra
 13997 | D:11     | Learned a level 5 spell: Yara's Violent Unravelling
 14045 | D:11     | Found a shadowy altar of Dithmenos.
 14052 | D:11     | Reached skill level 1 in Fighting
 14127 | D:12     | Noticed a seven-headed hydra
 14163 | D:12     | Killed a seven-headed hydra
 14259 | D:12     | Noticed a boulder beetle
 14304 | D:12     | Killed a boulder beetle
 14561 | D:12     | Noticed a boulder beetle
 14954 | D:12     | Noticed a cyan ugly thing
 15100 | D:12     | Killed a cyan ugly thing
 15112 | D:12     | Noticed a death knight
 15132 | D:12     | Killed a death knight
 15480 | D:12     | Offered knowledge of Scorch by Vehumet.
 15492 | D:12     | Noticed a deep elf pyromancer
 15495 | D:12     | Killed a deep elf pyromancer
 15527 | D:12     | Reached ** piety under Vehumet
 15636 | D:12     | Noticed a boulder beetle
 15800 | D:12     | Found a staircase to the Orcish Mines.
 15890 | D:12     | Killed a boulder beetle
 15891 | D:12     | Gained mutation: Spells you cast may paralyse nearby
                  | enemies. [demonic ancestry]
 15891 | D:12     | Reached XP level 12. HP: 51/77 MP: 21/21
 16286 | D:12     | Killed a boulder beetle
 16692 | D:12     | Found a staircase to the Orcish Mines.
 17042 | D:12     | Learned a level 7 spell: Enfeeble
 17087 | Lair:1   | Entered Level 1 of the Lair of Beasts
 17225 | Lair:1   | You fall into a shaft and drop 1 floor!
 17235 | Lair:2   | Noticed an eight-headed hydra
 17245 | Lair:2   | Killed an eight-headed hydra
 17251 | Lair:2   | Noticed a six-headed hydra
 17281 | Lair:2   | Offered knowledge of Mephitic Cloud by Vehumet.
 17710 | Lair:2   | Reached *** piety under Vehumet
 18102 | Lair:1   | Offered knowledge of Stone Arrow by Vehumet.
 18962 | Lair:1   | Learned a level 3 spell: Stone Arrow
 18986 | Lair:1   | Killed by an exploding fulminant prism

Illustrated notes

Levels and vault maps discovered:
D:1:      minmay_arrival_doors, layout_rooms,
          hellmonk_ecumenical_altar_pennies_from_heaven
D:2:      layout_basic
D:3:      minmay_evil_eye, layout_loops_cross
D:4:      layout_gridville, chequers_temple_overflow_minitemple
D:5:      layout_loops_ring
D:6:      layout_basic, mainiacjoe_overflow_catch_the_wave,
          hangedman_feature_mirror, kennysheep_small_circle
D:7:      layout_cave_pools, old_standard_altar, makhleb_altar_promises_db,
          temple_fountains
D:8:      layout_rooms, minmay_sticks_and_stones
D:9:      layout_grid_maze
D:10:     layout_rooms, serial_bayou_pond_e
D:11:     layout_basic, erik_lair_orcish_takeover, kennysheep_flooded_box,
          uniq_snorg, uniq_maurice
D:12:     layout_loops_ring, erik_orc_1
Temple:   regret_index_temple_waves
Lair:1:   layout_roguey, grunt_megastairs_2
Lair:2:   layout_chaotic_city, skrybe_swamp_entry_bodies,
          minmay_snake_entry_six_corridors, serial_bayou_ford_a,
          chequers_serial_rivers_large_a, serial_bayou_shore_a
Lair:3:   layout_misc_corridors, minivault_19

Skill      XL: |  1  2  3  4  5  6  7  8  9 10 11 12 |
---------------+-------------------------------------+-----
Conjurations   | 5 6 8 10 12 13 14 | 14.1
Hexes          | 2 3 5 8 9 11 13 14 | 14.1
Spellcasting   | 3 5 6 8 |  8.0
Translocations | 2 |  2.1
Fighting       | 1 |  1.3
Transmutations | 2 |  2.4
Stealth        | 2 |  2.8
Dodging        | |  1.7

Action                   |  1- 3 |  4- 6 |  7- 9 | 10-12 || total
-------------------------+-------+-------+-------+-------++-------
Melee: Long sword        |     8 |       |       |       ||     8
       Dagger            |       |       |       |    11 ||    11
       Headbutt          |       |       |       |     2 ||     2
 Cast: Magic Dart        |    58 |    15 |     2 |     9 ||    84
       Searing Ray       |    15 |     9 |     1 |       ||    25
       Fulminant Prism   |       |    23 |    67 |   257 ||   347
       Iskenderun's Myst |       |     2 |     6 |    30 ||    38
       Tukima's Dance    |       |       |       |     2 ||     2
       Yara's Violent Un |       |       |       |     2 ||     2
       Enfeeble          |       |       |       |     2 ||     2
 Abil: Evoke Blink       |       |       |     2 |     3 ||     5
  Use: Scroll            |       |     5 |     9 |    10 ||    24
 Stab: Paralysed         |       |       |       |     9 ||     9
Armor: Robe              |     4 |     1 |       |       ||     5
       Steam dragon scal |       |       |     5 |     8 ||    13
       Leather armour    |       |       |       |     9 ||     9
Dodge: Dodged            |     8 |     5 |    10 |    16 ||    39
Block: Kite shield       |     3 |     8 |       |       ||    11
